 Dungeon Sprint DCSS version 0.17-a0-1504-gb7d9117 (webtiles) character file.

159 nuthulu the Fighter (level 5, -1/40 HPs)
             Began as a Gargoyle Fighter on July 8, 2015.
             Was a Follower of Okawaru.
             Slain by an unseen horror (4 damage)
             ... in the Dungeon (Sprint IX: "|||||||||||||||||||||||||||||").
             The game lasted 00:00:52 (200 turns).

nuthulu the Fighter (Gargoyle Fighter)               Turns: 200, Time: 00:00:52

Health: -1/40      AC: 15    Str: 20    XL:     5   Next: 40%
Magic:  5/5        EV:  9    Int:  9    God:    Okawaru [*.....]
Gold:   0          SH:  9    Dex:  9    Spells: 0 memorised, 4 levels left

rFire  . . .     SeeInvis .     a - +0 flail
rCold  . . .     Clarity  .     b - +0 scale mail
rNeg   + . .     SustAt   .     c - +0 shield
rPois  ∞         Gourm    .     q - +0 helmet
rElec  +         Spirit   .     r - +0 cloak
rCorr  .         Warding  .     (no gloves)
rMut   .         NoTele   +     (no boots)
MR     .....                    (no amulet)
Stlth  ..........               t - +2 ring of protection
                                s - +2 ring of evasion

@: not resistant to hostile enchantments, extremely unstealthy
A: negative energy resistance 1, electricity resistance, unbreathing,
petrification resistance, rot immunity, AC +4
a: Heroism, Renounce Religion


You were in the Dungeon.
You worshipped Okawaru.
Okawaru was aware of your devotion.
You were not hungry.

You visited 1 branch

Inventory:

Hand weapons
 a - a +0 flail (weapon)
Armour
 b - a +0 scale mail (worn)
 c - a +0 shield (worn)
 q - a +0 helmet (worn)
 r - a +0 cloak (worn)
Jewellery
 s - a +2 ring of evasion (left hand)
 t - a +2 ring of protection (right hand)
Magical devices
 p - a wand of draining (7)
Scrolls
 k - 2 scrolls of blinking
 n - 3 scrolls of remove curse
 o - 2 scrolls of amnesia
Potions
 d - a potion of might
 f - 5 potions of curing
 g - 3 potions of heal wounds
 h - a potion of haste
 i - 4 potions of magic
 j - a potion of berserk rage
 m - a potion of invisibility
Comestibles
 e - a bread ration
 l - 8 chunks of flesh


   Skills:
 + Level 8.7 Fighting
 + Level 7.6 Maces & Flails
 - Level 3.5 Armour
 - Level 3.3 Shields


You had 4 spell levels left.
You didn't know any spells.

Dungeon Overview and Level Annotations

Branches:
Dungeon (1/1)

Altars:
Cheibriados
Dithmenos
Elyvilon
Fedhas
Gozag
Kikubaaqudgha
Makhleb
Nemelex Xobeh
Okawaru
Qazlal
Ru
Sif Muna
Trog
Vehumet
Xom
Yredelemnul
Zin
The Shining One
Beogh
Jiyva
Lugonu


Innate Abilities, Weirdness & Mutations

You are resistant to torment.
Your stone body is resilient (AC +4).
You are immune to poison.
You resist negative energy.
You are resistant to electric shocks.
You can survive without breathing.
You are immune to petrification.
You are immune to rotting.


Message History

The hound is heavily wounded.
The hound barely misses you.
You sock the hound!
You kill the hound!
Okawaru accepts your kill. Something hits you but does no damage.
Deactivating autopickup; reactivate with Ctrl-A.
You block its attack.
You closely miss something. Something hits you!
* * * LOW HITPOINT WARNING * * *
You barely miss something. Something hits you but does no damage.
Unknown command.
Something hits you.
* * * LOW HITPOINT WARNING * * *
Something hits you but does no damage.
You sock something! Something hits you but does no damage.
You miss something. Something hits you but does no damage.
You hit something. Something hits you but does no damage.
Something hits you but does no damage. Something hits you.
You die...

▓.▓
▓.▓
▓.▓
▓F▓
▓r▓
▓S▓
▓†▓
▓@▓
▓.▓
▓[▓
▓.▓
▓.▓
▓)▓
▓|▓
▓.▓
▓.▓


You could see a giant frog, an adder and a quokka.

Vanquished Creatures
  A black bear (D)
  A hound (D)
  A worker ant (D)
  A worm (D)
  A giant gecko (D)
  A bat (D)
  A giant cockroach (D)
  A hobgoblin (D)
  2 kobolds (D)
  A giant newt (D)
  A goblin (D)
12 creatures vanquished.

Notes
Turn   | Place    | Note
--------------------------------------------------------------
     0 | D        | nuthulu the Gargoyle Fighter began the quest for the Orb.
     0 | D        | Reached XP level 1. HP: 14/14 MP: 1/1
    13 | D        | Reached skill level 4 in Fighting
    30 | D        | Noticed a worker ant
    37 | D        | Reached XP level 2. HP: 16/20 MP: 2/2
    54 | D        | Killed a worker ant
    54 | D        | Reached skill level 5 in Fighting
    54 | D        | Reached XP level 3. HP: 20/27 MP: 3/3
   129 | D        | Found a glowing silver altar of Zin.
   129 | D        | Found a glowing golden altar of the Shining One.
   129 | D        | Found an ancient bone altar of Kikubaaqudgha.
   129 | D        | Found a basalt altar of Yredelemnul.
   129 | D        | Found a shimmering altar of Xom.
   129 | D        | Found a radiant altar of Vehumet.
   130 | D        | Found an iron altar of Okawaru.
   131 | D        | Found a burning altar of Makhleb.
   132 | D        | Found a deep blue altar of Sif Muna.
   133 | D        | Found a bloodstained altar of Trog.
   134 | D        | Found a sparkling altar of Nemelex Xobeh.
   135 | D        | Found a white marble altar of Elyvilon.
   136 | D        | Found a roughly hewn altar of Beogh.
   137 | D        | Found a viscous altar of Jiyva.
   138 | D        | Became a worshipper of Warmaster Okawaru
   139 | D        | Found a corrupted altar of Lugonu.
   140 | D        | Found a blossoming altar of Fedhas.
   141 | D        | Found a snail-covered altar of Cheibriados.
   142 | D        | Found a shadowy altar of Dithmenos.
   143 | D        | Found a stormy altar of Qazlal.
   144 | D        | Found an opulent altar of Gozag.
   145 | D        | Found a sacrificial altar of Ru.
   183 | D        | Noticed a giant frog
   183 | D        | Noticed a hound
   183 | D        | Noticed a black bear
   192 | D        | Killed a black bear
   192 | D        | Acquired Okawaru's first power
   192 | D        | Reached skill level 8 in Fighting
   192 | D        | Reached XP level 4. HP: 9/35 MP: 4/4
   192 | D        | Reached XP level 5. HP: 10/39 MP: 5/5
   194 | D        | Killed a hound
   197 | D        | HP: 2/40 [something (2)]
   200 | D        | Slain by an unseen horror

Vault maps used:
D:        linesprint

Action                   |  1- 3 |  4- 6 || total
-------------------------+-------+-------++-------
Melee: Flail             |    42 |     7 ||    49
